 Dungeon Crawl Stone Soup version 0.27.0-1-g7a089689b8 (webtiles) character file.

Game seed: 13519182069508790375

510 Acheron the Ruffian (level 6, -2/82 HPs)
             Began as a Troll Air Elementalist on Aug 11, 2021.
             Was a Follower of Uskayaw.
             Slain by a kobold brigand (9 damage)
             ... on level 5 of the Dungeon.
             The game lasted 00:12:20 (2372 turns).

Acheron the Ruffian (Troll Air Elementalist)        Turns: 2372, Time: 00:12:20

Health: -2/82      AC:  5    Str: 17    XL:     6   Next: 98%
Magic:  7/7        EV: 10    Int: 11    God:    Uskayaw [*.....]
Gold:   133        SH:  0    Dex: 12    Spells: 6/7 levels left

rFire    + . .     SeeInvis .     - Unarmed
rCold    + . .     Faith    .   (no shield)
rNeg     . . .     Spirit   .   a - +1 robe
rPois    .         Reflect  .   (helmet restricted)
rElec    .         Harm     .   e - scarf {rC+ rF+}
rCorr    .         Rampage  .   (gloves unavailable)
Will     .....                  (boots unavailable)
Stlth    ..........             (no amulet)
HPRegen  1.23/turn              (no ring)
MPRegen  0.10/turn              (no ring)

@: berserking, slowed
A: large, unfitting armour, claws 3, regeneration 1, shaggy fur 1, tough skin 1
a: Renounce Religion, Stomp


You were on level 5 of the Dungeon.
You worshipped Uskayaw.
Uskayaw was noncommittal.
You visited 1 branch of the dungeon, and saw 5 of its levels.

You collected 133 gold pieces.

Inventory:

Hand Weapons
 k - a +2 short sword of flaming
Missiles
 b - 19 poisoned darts
 d - 137 stones
Armour
 a - a +1 robe (worn)
 e - a scarf of resistance (worn)
 m - a scarf of resistance
Scrolls
 f - a scroll of enchant armour
 g - a scroll of identify
 h - a scroll of blinking {unknown}
 j - a scroll of immolation {unknown}
Potions
 c - a potion of mutation {unknown}
 i - a potion of curing


   Skills:
 * Level 1.3 Fighting
 * Level 3.5 Dodging
 + Level 1.4 Stealth
 * Level 4.6 Unarmed Combat
 + Level 1.3 Spellcasting
 + Level 1.5 Conjurations
 + Level 2.2 Air Magic


You had 6 spell levels left.
You knew the following spells:

 Your Spells              Type           Power      Damage    Failure   Level
a - Shock                 Conj/Air       16%        1d4       14%         1

Your spell library contained the following spells:

 Spells                   Type           Power      Damage    Failure   Level
 Static Discharge         Conj/Air       4%         N/A       22%         2
 Swiftness                Air            5%         N/A       36%         3
 Airstrike                Air            2%         N/A       77%         4


Dungeon Overview and Level Annotations

Branches:
Dungeon (6/15)
 Temple: D:4-7

Altars:
Uskayaw

Annotations:
D:3 Ijyb
D:5 EnegeticOcto's ghost, weakling DDDe


Innate Abilities, Weirdness & Mutations

You are too large for most types of armour.
You have claws for hands.
Your natural rate of healing is unusually fast.
You are covered in fur. (AC +1)
You have tough skin. (AC +1)


Message History

You feel extremely sick.
The kobold brigand throws a curare-tipped dart.
The curare-tipped dart hits you.
You are more poisoned.
You have difficulty breathing.
You feel as though you will be slow longer.
You feel extremely sick.
The kobold brigand hits you with a +0 short sword.
* * * LOW HITPOINT WARNING * * *
You closely miss the kobold brigand.
You feel very sick.
The kobold brigand hits you with a +0 short sword.
* * * LOW HITPOINT WARNING * * *
The kobold shouts!
You claw the kobold brigand!
The kobold brigand is heavily wounded.
* * * LOW HITPOINT WARNING * * *
You feel very sick.
The kobold brigand hits you but does no damage.
The kobold brigand hits you with a +0 short sword.
* * * LOW HITPOINT WARNING * * *
You feel better.
The kobold brigand hits you with a +0 short sword.
* * * LOW HITPOINT WARNING * * *
A red film seems to cover your vision as you go berserk!
You feel yourself moving faster!
You feel mighty! The kobold brigand barely misses you.
The kobold brigand closely misses you.
You completely miss the kobold brigand.
The kobold brigand is heavily wounded.
You closely miss the kobold brigand.
The kobold brigand is heavily wounded.
The kobold brigand hits you with a +0 short sword.
* * * LOW HITPOINT WARNING * * *
You barely miss the kobold brigand.
The kobold brigand is heavily wounded.
The kobold brigand hits you but does no damage.
You barely miss the kobold brigand.
The kobold brigand is heavily wounded.
The kobold brigand hits you with a +0 short sword!
You die...

...........).# #..#.####.#
.......#####)# ###.#.##...
.......#####.## #....##.#
..........[...# ###.#.###
...<...#####..# ####.#.###
.......#####..###.........
.....................####.
#.#.#.######..###.#..# #.
# #.#..KK@........#..# #.
# #..#####..#####..# #.
.... ..<....#####..####. #
.K## ####............ .?.#
#.###...#####
#..######.###.#.# #
#..##...........# #
#..##.###.###.### #
#..##.# #.# #.# #


You could see a kobold brigand and a kobold.

Vanquished Creatures
  2 sky beasts (D:6)
  A kobold brigand (D:6)
  A scorpion (D:5)
  A water moccasin skeleton (D:5)
  A hound (D:5)
  A jelly (D:5)
  A centaur skeleton (D:3)
  An adder (D:2)
  2 ufetubi (D:5)
  A worm (D:5)
  A dart slug (D:2)
  3 orcs (D:3)
  5 ball pythons
  5 endoplasms
  2 giant cockroaches
  4 jackals (D:2)
  14 kobolds
  4 quokkas
  4 bats
  2 frilled lizards
  3 goblins
  4 rats
63 creatures vanquished.

Notes
Turn   | Place    | Note
-------+----------+-------------------------------------------
     0 | D:1      | Acheron the Troll Air Elementalist began the quest for the
                  | Orb.
     0 | D:1      | Reached XP level 1. HP: 16/16 MP: 1/1
   284 | D:1      | Reached XP level 2. HP: 24/24 MP: 3/3
   768 | D:2      | Reached skill level 1 in Unarmed Combat
   768 | D:2      | Reached XP level 3. HP: 29/31 MP: 4/4
   842 | D:2      | Found a faded altar of an unknown god.
   845 | D:2      | Became a worshipper of Uskayaw the Reveller
   845 | D:2      | Reached * piety under Uskayaw
  1477 | D:3      | Reached ** piety under Uskayaw
  1511 | D:3      | Noticed Ijyb
  1554 | D:3      | Reached XP level 4. HP: 39/40 MP: 5/5
  1617 | D:3      | You fall into a shaft and drop 3 floors!
  1635 | D:6      | Noticed a sky beast
  1693 | D:6      | Killed a sky beast
  1693 | D:6      | Reached *** piety under Uskayaw
  1694 | D:6      | Reached skill level 2 in Unarmed Combat
  1694 | D:6      | Reached skill level 1 in Conjurations
  1694 | D:6      | Reached XP level 5. HP: 31/46 MP: 6/6
  1842 | D:6      | Reached skill level 1 in Fighting
  1842 | D:6      | Reached skill level 3 in Unarmed Combat
  1888 | D:6      | Noticed a sky beast
  1909 | D:6      | Killed a sky beast
  1910 | D:6      | Reached XP level 6. HP: 51/55 MP: 7/7
  1927 | D:5      | Entered Level 5 of the Dungeon
  1943 | D:5      | Noticed EnegeticOcto's ghost (weakling DDDe)
  1990 | D:5      | Reached skill level 4 in Unarmed Combat
  2366 | D:5      | HP: 1/55 [kobold brigand (3)]
  2372 | D:5      | Slain by a kobold brigand

Illustrated notes

Levels and vault maps discovered:
D:1:      lemuel_arrival_hallway, layout_basic
D:2:      layout_basic, shapermc_ecumenical_altar_mp_urbaneastern
D:3:      layout_basic, uniq_ijyb, uniq_robin
D:5:      layout_loops_ring, gammafunk_ghost_icy, nrook_loot_triangle,
          chequers_serial_rivers_room_a
D:6:      layout_basic, minmay_overflow_temple_hex,
          corexii_item_surrounded_by_moat

Skill      XL: |  1  2  3  4  5  6 |
---------------+-------------------+-----
Dodging        | 2 3 |  3.5
Unarmed Combat | 1 2 3 4 |  4.6
Conjurations   | 1 |  1.5
Fighting       | 1 |  1.3
Stealth        | |  1.4
Spellcasting   | |  1.3
Air Magic      | |  2.2

Action                   |  1- 3 |  4- 6 || total
-------------------------+-------+-------++-------
Melee: Unarmed           |   110 |   131 ||   241
       Punch             |       |     2 ||     2
  Use: Scroll            |       |     7 ||     7
       Potion            |       |     2 ||     2
 Stab: Sleeping          |     1 |       ||     1
Armor: Robe              |    63 |    47 ||   110
Dodge: Dodged            |    78 |    52 ||   130
